Description

Early pressure will often give you an economic advantage. High chance to immediately win

VOD

https://www.youtube.com/watch?v=ys8PTH2_51M

Replay - 2021-01-01 - (Z)Lambo,(T)A.I. 1 (Medium)

Build Order

Get SALT Encoding   

  12  0:00  Drone  
  13  0:12  Overlord  
  13  0:17  Drone  
  14  0:31  Drone x2  
  16  0:40  Spawning Pool  
  15  0:43  Drone x2  
  17  1:08  Hatchery  
  17  1:10  Drone x2  
  17  1:13  Extractor  
  17  1:27  Zergling x4  
  19  1:33  Roach Warren  
  19  1:39  Drone  
  19  1:46  Queen  
  21  1:54  Overlord  
  21  2:13  Roach x2  
  25  2:20  Roach x2  
  29  2:31  Roach  
  29  2:32  Queen  
  33  2:39  Overlord  
  33  2:45  Drone  
  35  2:52  Ravager  
  39  3:07  Overlord  
  42  3:23  Overlord  
  43  3:30  Metabolic Boost  
  50  4:00  Hatchery  
  50  4:09  Queen  
  51  4:16  Extractor  
  57  4:31  Queen  
  65  4:50  Zergling x8  
  68  4:57  Lair  
Spawning Tool Build Advisor. Get it on Overwolf

Analysis

Please view the VOD link where lambo gives detailed analysis.

Go to:

Details

  • Created by: Leckatall
  • Published on: Jan 03, 2021
  • Modified on: Jan 03, 2021
  • Patch: 4.11.0
  • Difficulty: Easy
Show
View Real Time Build Order
Export as new Build Order

Comments (0)

There are no comments. Be the first!

Create an account to comment!